 Dungeon Crawl Stone Soup version 0.27-a0-393-gba1aca71f1 (webtiles) character file.

Game seed: 8691077176946506841

5397 Ilves the Cleaver (level 10, 0/148 HPs)
             Began as a Deep Dwarf Berserker on Feb 20, 2021.
             Was a High Priest of Trog.
             Slain by Grum
             ... wielding a +1 halberd of protection
              (14 damage)
             ... on level 9 of the Dungeon.
             The game lasted 00:29:41 (8917 turns).

Ilves the Cleaver (Deep Dwarf Berserker)            Turns: 8917, Time: 00:29:41

Health: 0/148      AC: 10    Str: 21    XL:     10   Next: 40%
Magic:  6/6        EV: 10    Int:  9    God:    Trog [*****.]
Gold:   627        SH: 12    Dex: 14    Spells: 9/9 levels left

rFire    . . .     SeeInvis .   I - +2 broad axe
rCold    + . .     Faith    .   y - +2 buckler
rNeg     + . .     Spirit   .   b - +2 scale mail {rN+}
rPois    .         Reflect  +   (no helmet)
rElec    .         Harm     .   F - +0 cloak
rCorr    .         Rampage  .   (no gloves)
Will     +....                  E - +0 pair of boots
Stlth    ..........             t - amulet of reflection
HPRegen  0.00/turn              e - ring of ice
MPRegen  0.10/turn              f - ring of protection from fire

@: berserking, non-regenerating, very quick
A: damage resistance, heal wounds, sense surroundings 2, no regeneration
a: Heal Wounds, Renounce Religion, Berserk, Trog's Hand, Brothers in Arms


You were on level 9 of the Dungeon.
You worshipped Trog.
Trog was extremely pleased with you.
You visited 1 branch of the dungeon, and saw 9 of its levels.
You also visited: Sewer and Bailey.

You collected 1017 gold pieces.
You spent 390 gold pieces at shops.

Inventory:

Hand Weapons
 j - a +4 flail
 l - a +0 mace of holy wrath
 I - a +2 broad axe (weapon)
Armour
 b - a +2 scale mail of positive energy (worn)
 y - a +2 buckler (worn)
 E - a +0 pair of boots (worn)
 F - a +0 cloak (worn)
Jewellery
 e - a ring of ice (left hand)
 f - a ring of protection from fire (right hand)
 t - an amulet of reflection (around neck)
Wands
 i - a wand of mindburst (19)
 k - a wand of random effects (11)
 z - a wand of flame (16)
 C - a wand of acid (2)
 J - a wand of iceblast (13)
 K - a wand of charming (5)
 L - a wand of paralysis (6)
Scrolls
 a - 2 scrolls of noise {unknown}
 c - 10 scrolls of teleportation {unknown}
 d - 14 scrolls of identify {unknown}
 g - 3 scrolls of enchant weapon {unknown}
 h - a scroll of immolation {unknown}
 p - a scroll of fear {unknown}
 q - 2 scrolls of magic mapping {unknown}
 s - 2 scrolls of random uselessness {unknown}
 w - 3 scrolls of amnesia {unknown}
 N - a scroll of acquirement {unknown}
 O - a scroll of blinking {unknown}
Potions
 m - 3 potions of might {unknown}
 n - 7 potions of curing
 o - 4 potions of flight {unknown}
 r - 4 potions of heal wounds {unknown}
 u - a potion of degeneration {unknown}
 v - a potion of brilliance {unknown}
 A - a potion of invisibility {unknown}
 B - a potion of attraction {unknown}
 D - a potion of lignification {unknown}
 H - a potion of haste {unknown}
 M - a potion of mutation {unknown}


   Skills:
 * Level 9.4 Fighting
 + Level 12.3 Axes
 - Level 2.1 Armour
 - Level 2.1 Dodging
 + Level 5.0 Shields


You had 9 spell levels left.
You didn't know any spells.
Your spell library contained the following spells:

 Spells                   Type           Power        Failure   Level
 Magic Dart               Conj           0%           75%         1
 Blink                    Tloc           N/A          86%         2
 Call Imp                 Summ           0%           86%         2
 Passwall                 Tmut/Erth      0%           86%         2
 Slow                     Hex            0%           86%         2
 Conjure Flame            Conj/Fire      0%           98%         3
 Mephitic Cloud           Conj/Pois/Air  0%           98%         3
 Fulminant Prism          Conj/Hex       0%           100%        4
 Petrify                  Tmut/Erth      0%           100%        4
 Alistair's Intoxication  Tmut/Pois      0%           100%        5
 Irradiate                Conj/Tmut      0%           100%        5


Dungeon Overview and Level Annotations

Branches:
Dungeon (9/15)             Temple (0/1) D:5            Lair (0/6) D:8
    Orc (0/2) D:9           Sewer (visited)          Bailey (visited)

Altars:
Ashenzari
Gozag
Kikubaaqudgha
Nemelex Xobeh
Qazlal
Ru
Vehumet
Wu Jian
Zin
The Shining One

Shops:
D:7 (:==

Annotations:
D:9 Grum


Innate Abilities, Weirdness & Mutations

You are resistant to damage.
You can heal yourself by infusing magical energy.
You passively map the area around you.
You do not regenerate.


Message History

You completely miss the wolf.
The wolf is moderately wounded.
The wolf barely misses you. You block Grum's attack.
A red film seems to cover your vision as you go berserk!
You feel yourself moving faster!
You feel mighty!
The wolf bites you but does no damage. x2; You block the wolf's attack.
The wolf bites you. You block Grum's attack.
You slash the wolf!
You kill the wolf!
Trog accepts your kill.
You slash the wolf! You miss the wolf.
The wolf is heavily wounded.
You block the wolf's attack. Grum closely misses you.
You barely miss the wolf.
The wolf is heavily wounded.
You miss the wolf. The wolf completely misses you. You block the wolf's attack.
You barely miss the wolf. You miss the wolf.
The wolf bites you but does no damage. The wolf barely misses you.
You block Grum's attack.
You closely miss the wolf. You slash the wolf!
You kill the wolf!
Trog accepts your kill. You block the wolf's attack. The wolf bites you.
* * * LOW HITPOINT WARNING * * *
You closely miss the wolf.
Grum hits you from afar with a +1 halberd of protection!!
* * * LOW HITPOINT WARNING * * *
The wolf bites you!
* * * LOW HITPOINT WARNING * * *
You miss the wolf. You block the wolf's attack.
You miss the wolf. You block Grum's attack. The wolf closely misses you.
You slash the wolf!
The wolf is severely wounded.
The wolf bites you!
* * * LOW HITPOINT WARNING * * *
You miss the wolf.
The wolf is severely wounded.
Grum hits you from afar with a +1 halberd of protection!
You die...

** * * * * , *** **
* ###*+####** , , ,
#.#...#§ ,.^ , , ,,
######.#(#§§# ≈.(# *
, , ...g#.. #.§##
..^# , , ,
#.h†###..^##^.......
, *
*#@....^^.≈^.^≈^≈≈.
#####......_..... ,
, #..>..≈≈^≈^.^.§.,
* ###+##.#^#^..≈##§#
** *+** *
#^≈.^^..^^^^§ *
#^##≈...#.≈≈# *
##^.^(.^^^≈.§
##+#######........
#######+##
####.....# #.#......


You could see Grum and a wolf.

Vanquished Creatures
  Pikel (D:9)
  2 yaks (D:8)
  3 sky beasts
  3 ice beasts
  A black bear (D:6)
  An ogre (D:4)
  2 wolves (D:9)
  4 centaurs (D:6)
  4 lemures (D:9)
  2 kobold brigands (Sewer)
  9 gnoll sergeants
  A jelly (D:9)
  3 scorpions
  5 killer bees (D:9)
  7 wights
  6 howler monkeys
  2 bullfrog zombies
  2 bullfrog skeletons (D:9)
  6 hounds
  4 orc priests
  7 gnoll shamans
  Jessica (D:2)
  2 iguanas
  8 orc wizards
  7 worker ants
  3 worker ant zombies
  A howler monkey skeleton (D:8)
  32 gnolls
  19 adders
  5 river rats (Sewer)
  A shadow imp (D:9)
  2 white imps
  An adder skeleton (D:5)
  6 worms
  2 dart slugs
  4 leopard geckos
  25 orcs
  7 bats
  7 giant cockroaches
  7 goblins
  4 hobgoblins
  3 jackals (D:2)
  5 quokkas
  5 ball pythons (Sewer)
  7 frilled lizards
  22 kobolds
  A leopard gecko simulacrum (D:8)
  2 quokka skeletons (D:4)
  A quokka zombie (D:6)
  22 rats
287 creatures vanquished.

Vanquished Creatures (others)
  A plant (D:2)
1 creature vanquished.

Grand Total: 288 creatures vanquished

Notes
Turn   | Place    | Note
-------+----------+-------------------------------------------
     0 | D:1      | Ilves the Deep Dwarf Berserker began the quest for the Orb.
     0 | D:1      | Reached XP level 1. HP: 20/20 MP: 1/1
   374 | D:1      | Reached XP level 2. HP: 19/28 MP: 2/2
  1134 | D:2      | Noticed Jessica
  1146 | D:2      | Killed Jessica
  1147 | D:2      | Reached skill level 4 in Axes
  1147 | D:2      | Reached XP level 3. HP: 18/34 MP: 3/3
  1311 | D:2      | You fall into a shaft and drop 2 floors!
  1325 | D:4      | Reached XP level 4. HP: 35/44 MP: 4/4
  1343 | D:4      | Reached XP level 5. HP: 9/51 MP: 5/5
  1382 | D:4      | Found a glowing drain.
  1404 | D:4      | Reached skill level 5 in Axes
  1409 | Sewer    | Entered a sewer
  1425 | Sewer    | Reached ** piety under Trog
  1469 | Sewer    | Reached skill level 5 in Fighting
  1469 | Sewer    | Reached XP level 6. HP: 18/61 MP: 6/6
  1746 | Sewer    | Reached *** piety under Trog
  1758 | Sewer    | Reached skill level 6 in Axes
  2173 | D:4      | Found a glowing golden altar of the Shining One.
  2241 | D:4      | Reached XP level 7. HP: 13/67 MP: 7/7
  2619 | D:4      | Reached skill level 7 in Axes
  2716 | D:4      | Reached **** piety under Trog
  2820 | D:3      | Found a radiant altar of Vehumet.
  3324 | D:3      | Found a glowing silver altar of Zin.
  3325 | D:3      | Found an opulent altar of Gozag.
  4177 | D:5      | Entered Level 5 of the Dungeon
  4208 | D:5      | Reached skill level 8 in Axes
  4234 | D:5      | Reached XP level 8. HP: 37/78 MP: 8/8
  4361 | D:5      | Found a staircase to the Ecumenical Temple.
  4771 | D:6      | Reached skill level 1 in Shields
  4950 | D:6      | Reached skill level 9 in Axes
  5069 | D:6      | Found a broken altar of Ashenzari.
  5252 | D:6      | Found an ancient bone altar of Kikubaaqudgha.
  5346 | D:6      | Reached ***** piety under Trog
  5347 | D:6      | Gained mutation: You passively map the area around you.
                  | [Deep Dwarf growth]
  5347 | D:6      | Reached XP level 9. HP: 23/86 MP: 8/8
  5384 | D:6      | Reached skill level 10 in Axes
  5397 | D:6      | Identified the Tome of Enchanting Transformation
  5525 | D:6      | Found a sacrificial altar of Ru.
  5548 | D:6      | Found a sparkling altar of Nemelex Xobeh.
  5784 | D:7      | Found Fath's Jewellery Boutique.
  6063 | D:7      | Found Vovuwk's Weapon Emporium.
  6155 | D:7      | Found Bapsoxuo's Book Shop.
  6173 | D:7      | Found an ornate altar of the Wu Jian Council.
  6337 | D:7      | Found Fecri's Jewellery Emporium.
  6340 | D:7      | Bought an amulet of regeneration for 390 gold pieces
  6902 | D:8      | Found a flagged portal.
  6911 | Bailey   | Entered a bailey
  6977 | Bailey   | Received a gift from Trog
  7068 | Bailey   | Reached skill level 11 in Axes
  7591 | D:8      | Reached XP level 10. HP: 22/98 MP: 6/6
  7603 | D:8      | Found a staircase to the Lair.
  7710 | D:8      | Found a sparkling altar of Nemelex Xobeh.
  8751 | D:9      | Noticed Pikel
  8762 | D:9      | Killed Pikel
  8763 | D:9      | Reached skill level 12 in Axes
  8855 | D:9      | Reached skill level 5 in Shields
  8875 | D:9      | Found a stormy altar of Qazlal.
  8897 | D:9      | Found a staircase to the Orcish Mines.
  8904 | D:9      | Noticed Grum
  8917 | D:9      | Slain by Grum

Illustrated notes

Levels and vault maps discovered:
D:1:      dpeg_arrival_windows_large_door, layout_basic, serial_forest,
          infiniplex_forest_clump_double, infiniplex_forest_corner_1,
          infiniplex_forest_straight_4, infiniplex_forest_diagonal,
          infiniplex_forest_end_2, infiniplex_forest_end_2,
          infiniplex_forest_straight_2, infiniplex_forest_lined_room_2,
          grunt_decor_junction
D:2:      cheibrodos_old_hovel, layout_loops_ring, uniq_jessica
D:3:      layout_basic, grunt_temple_overflow_gold_and_silver,
          fiery_altar_vehumet
D:4:      layout_basic, tso_metal_star, gup_sewer_entry_glass,
          chequers_serial_rivers_micro_d, dk_noncrumbling_4
D:5:      layout_rooms, minmay_temple_entry_hall, serial_glass, glass_columns_a,
          glass_columns_b, glass_columns_a, glass_columns_a, glass_columns_a,
          glass_columns_a, glass_columns_b, glass_columns_a, glass_columns_c,
          glass_columns_b, kennysheep_decorative_pillar
D:6:      minmay_octagon_keep, layout_rooms, nicolae_ru_path_of_blood,
          kiku_gazebo_pond_becter, nicolae_ashenzari_panopticon,
          nicolae_overflow_hidden_temple, kennysheep_nub
D:7:      layout_basic, nzn_wu_jian_council_hall, serial_shops,
          kennysheep_little_box, nicolae_shop_behind_doors, shop,
          kennysheep_mini_moat
D:8:      layout_basic, lair_entry_dummy, enter_bailey_2, serial_ice,
          serial_ice_n, serial_ice_c, serial_ice_d, serial_ice_k,
          nemelex_altar_shiori
D:9:      layout_roguey, grunt_qazlal_sundering, marbit_many_paths, orc_0_dummy,
          uniq_pikel, uniq_grum

Skill      XL: |  1  2  3  4  5  6  7  8  9 10 |
---------------+-------------------------------+-----
Fighting       | 3 4 5 6 7 8 9 |  9.4
Axes           | 4 5 6 8 9 11 12 | 12.3
Shields        | 2 4 5 |  5.0
Armour         | |  2.1
Dodging        | |  2.1

Action                   |  1- 3 |  4- 6 |  7- 9 | 10-12 || total
-------------------------+-------+-------+-------+-------++-------
Melee: Hand axe          |    92 |     4 |       |       ||    96
       War axe           |       |   152 |   452 |       ||   604
       Broad axe         |       |       |    86 |   134 ||   220
Invok: Berserk           |     2 |     2 |     6 |     2 ||    12
 Abil: Heal Wounds       |     1 |     2 |    10 |     3 ||    16
Evoke: Wand              |       |     1 |       |       ||     1
  Use: Potion            |       |       |     1 |       ||     1
Armor: Animal skin       |    10 |       |       |       ||    10
       Plate armour      |    31 |   108 |   274 |       ||   413
       Scale mail        |       |       |     9 |    36 ||    45
Dodge: Dodged            |    47 |    62 |   142 |    38 ||   289
Block: Other             |       |       |    41 |       ||    41
       Reflection        |       |       |     9 |       ||     9
       Buckler           |       |       |   172 |    53 ||   225

Table legend: (Time is in decaauts)
 A = Elapsed time spent in this place.
 B = Non-inter-level travel time spent in this place.
 C = Inter-level travel time spent in this place.
 D = Time resting spent in this place.
 E = Time spent auto-exploring this place.
 F = Levels seen in this place.
 G = Mean time per level.
                   A        B        C        D        E       F      G
               +--------+--------+--------+--------+--------+-----+--------+
         Total |   9094 |   8813 |    281 |    691 |   5296 |  11 |  826.7 |
       Dungeon |   7881 |   7600 |    281 |    570 |   4882 |   9 |  875.7 |
         Sewer |    724 |    724 |      0 |    102 |    238 |   1 |  724.0 |
        Bailey |    489 |    489 |      0 |     19 |    176 |   1 |  489.0 |
               +--------+--------+--------+--------+--------+-----+--------+

Top non-repeatable levels by time:
     D:1: 1087 daAuts
     D:7: 978 daAuts
     D:8: 967 daAuts
     D:6: 962 daAuts
     D:3: 935 daAuts
     D:4: 880 daAuts
     D:9: 759 daAuts
   Sewer: 724 daAuts
     D:2: 672 daAuts
     D:5: 637 daAuts
  Bailey: 489 daAuts
